Map: Lerilak Crest

Players

JuHyunSeo

  • Race: Protoss Protoss
  • League: Diamond

LilDicky - Winner!

  • Race: Terran Terran
  • League: Diamond

VOD

http://www.twitch.tv/tumescentpie

Description

Time

  • Played on: Dec. 24, 2015, 8:35 p.m.
  • Length: 6:26
Show
View Real Time Build Order
Export as new Build Order

JuHyunSeo Protoss 

Build Orders: 1 Gate Expand 

Get SALT Encoding   

  12  0:00  Probe (Chrono Boost)  
  13  0:11  Probe (Chrono Boost)  
  14  0:18  Pylon  
  14  0:22  Probe (Chrono Boost)  
  15  0:36  Probe (Chrono Boost)  
  15  0:38  Gateway  
  16  0:44  Assimilator  
  16  0:48  Probe (Chrono Boost)  
  17  0:59  Probe (Chrono Boost)  
  18  1:09  Probe (Chrono Boost)  
  19  1:24  Nexus  
  19  1:34  Probe (Chrono Boost)  
  20  1:40  Cybernetics Core  
  20  1:44  Assimilator  
  20  1:51  Probe (Chrono Boost)  
  21  2:01  Pylon  
  21  2:02  Probe (Chrono Boost)  
  22  2:19  Adept  
  22  2:20  Mothership Core (Chrono Boost), Warp Gate  
  26  2:41  Twilight Council  
  26  2:43  Probe (Chrono Boost)  
  27  2:46  Probe (Chrono Boost)  
  27  2:47  Adept  
  30  2:56  Probe (Chrono Boost)  
  30  2:57  Probe (Chrono Boost)  
  32  3:02  Robotics Facility  
  32  3:07  Probe x2 (Chrono Boost)  
  34  3:19  Resonating Glaives (Chrono Boost)  
  34  3:26  Probe  
  34  3:38  Probe  
  34  3:40  Adept  
  37  3:45  Pylon  
  37  3:46  Pylon  
  35  3:56  Probe  
  35  4:03  Observer (Chrono Boost)  
  35  4:08  Assimilator x2  
  36  4:13  Gateway, Probe  
  36  4:16  Probe  
  38  4:17  Gateway  
  38  4:31  Probe  
  38  4:35  Probe  
  40  4:41  Probe  
  40  4:44  Warp Prism (Chrono Boost)  
  43  4:47  Pylon  
  43  4:52  Probe  
  43  4:58  Probe  
  45  5:02  Probe  
  45  5:04  Gateway  
  45  5:05  Gateway  
  44  5:12  Mothership Core, Adept x2  
  32  5:41  Adept x2  
  32  5:50  Mothership Core  
  32  5:51  Adept  
  28  6:01  Pylon  
Show
View Real Time Build Order
Export as new Build Order

LilDicky Terran - Winner!

Build Orders: MMM Bio 

Get SALT Encoding   

  12  0:01  SCV  
  13  0:13  SCV  
  14  0:17  Supply Depot  
  14  0:25  SCV  
  15  0:28  Refinery  
  15  0:39  SCV  
  16  0:45  Barracks  
  16  0:51  SCV  
  17  1:03  SCV  
  18  1:15  SCV  
  19  1:42  Orbital Command  
  19  1:43  Supply Depot, Marine  
  20  1:51  Factory  
  20  2:04  Marine  
  21  2:09  SCV  
  21  2:10  Barracks  
  21  2:14  Barracks  
  22  2:22  SCV  
  23  2:26  Refinery  
  23  2:33  Barracks Reactor  
  23  2:34  SCV  
  23  2:36  Supply Depot  
  24  2:48  Widow Mine  
  26  2:56  SCV  
  27  3:01  Supply Depot, Barracks Tech Lab x2  
  27  3:09  SCV  
  27  3:10  Marine x2  
  30  3:19  Widow Mine  
  31  3:29  Combat Shields  
  31  3:30  Stimpack  
  31  3:31  Marauder x2, Marine x2  
  31  3:33  SCV  
  38  3:42  Engineering Bay  
  38  3:56  Marauder x2, Marine x2  
  38  3:58  SCV  
  45  4:08  Supply Depot  
  45  4:14  Missile Turret  
  43  4:27  Marauder x2  
  43  4:29  Marine x2  
  49  4:34  Widow Mine  
  52  4:45  Supply Depot  
  52  4:49  Starport  
  51  4:55  SCV  
  49  5:14  Marine x2  
  48  5:30  Widow Mine, Marine x2  
  52  5:40  Marine x2  
  51  6:05  Marine x2  
Tags
 
Add a new tag
Caveats
  • Supply blocks, unpowered buildings, or Contaminate may cause inaccurate times.
  • Supply counts are checked every 10 seconds.